 Dungeon Crawl Stone Soup version 0.16-a0-4113-g7d8e295 (webtiles) character file.

5386 ProjectEKO the Covert (level 10, 0/69 HPs)
             Began as a Demonspawn Gladiator on Mar 1, 2015.
             Was a Follower of Kikubaaqudgha.
             Killed from afar by an electric eel (11 damage)
             ... with a bolt of electricity
             ... on level 1 of the Lair of Beasts.
             The game lasted 00:28:59 (13356 turns).

ProjectEKO the Covert (Demonspawn Gladiator)       Turns: 13356, Time: 00:28:59

Health: 0/69       AC:  6    Str: 16    XL:     10   Next: 39%
Magic:  0/10       EV: 18    Int: 12    God:    Kikubaaqudgha [*.....]
Gold:   376        SH:  7    Dex: 25    Spells: 1 memorised, 8 levels left

rFire  + . .     SeeInvis .     a - +5 dagger (speed)
rCold  + . .     Clarity  +     k - +0 leather armour
rNeg   . . .     SustAb   .     w - +2 buckler
rPois  .         Gourm    .     x - +0 helmet
rElec  .         Spirit   +     h - +0 cloak
rCorr  .         Warding  .     M - +0 pair of gloves
rMut   .         Stasis   .     (no boots)
MR     .....                    v - amulet of guardian spirit
Stlth  +++++++...               I - ring of protection from cold
                                r - ring of protection from fire

@: agile, very slightly contaminated, not resistant to hostile enchantments,
extremely stealthy
A: hooves 2, thin skeletal structure 3, clarity, powered by pain 1
a: Receive Corpses, Renounce Religion


You were on level 1 of the Lair of Beasts.
You worshipped Kikubaaqudgha.
Kikubaaqudgha was aware of your devotion.
You were near starving.

You visited 3 branches of the dungeon, and saw 11 of its levels.

You collected 568 gold pieces.
You spent 192 gold pieces at shops.


Innate Abilities, Weirdness & Mutations

You have hoof-like feet.
You have an unnaturally thin skeletal structure (Dex +6, Stealth++).
You sometimes gain a little power by taking damage.
You possess an exceptional clarity of mind.


   Skills:
 - Level 2.8 Fighting
 + Level 9.0(9.4) Short Blades
   Level 4.1(7.0) Long Blades
 - Level 1.7 Throwing
 - Level 2.6 Dodging
 + Level 10.0 Stealth
 + Level 5.6 Necromancy


You had 8 spell levels left.
You knew the following spells:

 Your Spells              Type           Power        Failure   Level  Hunger
Z - Animate Skeleton      Necr           N/A          10%         1    ##.....

Inventory:

Hand weapons
 a - a +5 dagger of speed (weapon)
Missiles
 i - 17 stones (quivered)
Armour
 h - a +0 cloak (worn)
 k - a +0 leather armour (worn)
 w - a +2 buckler (worn)
 x - a +0 helmet (worn)
 M - a +0 pair of gloves (worn)
Jewellery
 l - an uncursed ring of invisibility
 r - a ring of protection from fire (left hand)
 u - an uncursed ring of ice
 v - an amulet of guardian spirit (around neck)
 C - an uncursed ring of positive energy
 E - an uncursed ring of magical power
 I - a ring of protection from cold (right hand)
Magical devices
 b - a wand of polymorph (14)
 c - a wand of invisibility (6)
 d - a wand of draining (5)
 e - a wand of invisibility (5)
 g - a wand of random effects (13)
 y - a wand of disintegration (15)
 L - a wand of cold (3)
 T - a wand of cold (10)
Scrolls
 s - 5 scrolls of remove curse
 Q - a scroll of teleportation
Potions
 j - a potion of berserk rage {unknown}
 n - a potion of heal wounds
 z - a potion of agility
 B - a potion of ambrosia {unknown}
 D - a potion of lignification {!q}
 F - 3 potions of curing
 G - a potion of poison {!q}
 H - a potion of might
Books
 o - a book of the Dragon

   Spells                             Type                      Level
   a - Flight                         Charms/Air                   3
   b - Cause Fear                     Hexes                        4
   c - Bolt of Fire                   Conjuration/Fire             6
   d - Dragon Form                    Transmutation                7
   e - Dragon's Call                  Summoning                    9
 t - a book of Annihilations {highlevel, unknown}

   This book is beyond your current level of understanding.

   Spells                             Type                      Level
   a - Poison Arrow                   Conjuration/Poison           6
   b - Chain Lightning                Conjuration/Air              8
   c - Lehudib's Crystal Spear        Conjuration/Earth            8
   d - Glaciate                       Conjuration/Ice              9
   e - Fire Storm                     Conjuration/Fire             9
 A - a Fen Folio

   Spells                             Type                      Level
   a - Corpse Rot                     Necromancy                   2
   b - Stone Arrow                    Conjuration/Earth            3
   c - Leda's Liquefaction            Hexes/Earth                  4
   d - Summon Forest                  Summoning/Translocation      5
   e - Hydra Form                     Transmutation                6
   f - Summon Hydra                   Summoning                    7
 K - a book of Cantrips

   Spells                             Type                      Level
   a - Corona                         Hexes                        1
   b - Animate Skeleton               Necromancy                   1
   c - Summon Small Mammal            Summoning                    1
   d - Apportation                    Translocation                1
 N - a book of Debilitation

   Spells                             Type                      Level
   a - Corona                         Hexes                        1
   b - Slow                           Hexes                        2
   c - Inner Flame                    Hexes/Fire                   3
   d - Enslavement                    Hexes                        4
   e - Cause Fear                     Hexes                        4
   f - Leda's Liquefaction            Hexes/Earth                  4
 O - a book of Callings

   Spells                             Type                      Level
   a - Summon Small Mammal            Summoning                    1
   b - Call Imp                       Summoning                    2
   c - Call Canine Familiar           Summoning                    3
   d - Summon Guardian Golem          Hexes/Summoning              4
   e - Summon Lightning Spire         Summoning/Air                4
   f - Summon Ice Beast               Ice/Summoning                4
 P - Kikubaaqudgha's Catalogue of Dark Rituals
   (Kikubaaqudgha gifted it to you on level 9 of the Dungeon)

   Spells                             Type                      Level
   a - Pain                           Necromancy                   1
   b - Corpse Rot                     Necromancy                   2
   c - Sublimation of Blood           Necromancy                   2
   d - Regeneration                   Charms/Necromancy            3
   e - Control Undead                 Necromancy                   4
Comestibles
 f - 12 bread rations
 m - 7 fruits
 q - 2 meat rations
 J - 5 beef jerkies

Dungeon Overview and Level Annotations

Branches:
Dungeon (9/15)             Temple (1/1) D:6            Lair (1/8) D:8
    Orc: D:9-12

Altars:
Ashenzari
Cheibriados
Dithmenos
Elyvilon
Fedhas
Gozag
Kikubaaqudgha
Makhleb
Nemelex Xobeh
Okawaru
Qazlal
Ru
Sif Muna
Trog
Vehumet
Xom
Yredelemnul
Zin
The Shining One

Shops:
D:5 }!}

Annotations:
D:9 gressup's ghost, experienced MiBe

...#.................
....#.......†...##.##.
.....+............#.###
#............#...#...
#............#...##..
+.................# .
#....#....♣..+...# ....
#...P≈♣.#...#
......#6#≈P≈≈♣#...
..........≈≈≈≈≈...
.........P≈≈≈♣♣..
.........≈≈≈≈P♣
.....♣...P≈≈≈≈♣
...♣≈≈...≈≈≈≈≈.
#♣≈P;...P≈≈≈P
♣;≈...$P≈≈≈ ≈≈≈...≈≈≈


You could see 2 electric eels.


Message History

You kick the electric eel, but do no damage.
The electric eel is severely wounded.
You closely miss the electric eel.
The electric eel is severely wounded.
The electric eel shoots out a bolt of lightning at you!
The bolt of electricity hits you!
* * * LOW HITPOINT WARNING * * *
You focus on the pain.
You feel your power returning.
You closely miss the electric eel.
The electric eel is severely wounded.
The electric eel shoots out a bolt of lightning at you!
The bolt of electricity misses you.
You hit the electric eel but do no damage.
The electric eel is severely wounded.
You closely miss the electric eel.
You kick the electric eel, but do no damage.
The electric eel is severely wounded.
The electric eel shoots out a bolt of lightning at you!
The bolt of electricity hits the plant.
The bolt of electricity hits you!
* * * LOW HITPOINT WARNING * * *
You puncture the electric eel!
You kill the electric eel!
Kikubaaqudgha accepts your kill.
The electric eel shoots out a bolt of lightning at you!
The bolt of electricity hits the plant.
The bolt of electricity hits you!
* * * LOW HITPOINT WARNING * * *
The electric eel shoots out a bolt of lightning at you!
The bolt of electricity hits you!
You die...
Kikubaaqudgha rasps: "You have failed me!
Welcome... death!"

Action                   |  1- 3 |  4- 6 |  7- 9 | 10-12 || total
-------------------------+-------+-------+-------+-------++-------
Melee: Long sword        |    88 |   233 |    11 |       ||   332
       Dagger            |       |    41 |   643 |   142 ||   826
       Short sword       |       |    31 |       |       ||    31
Throw: Throwing net      |     5 |     1 |     9 |       ||    15
       Stone             |       |     2 |     1 |     1 ||     4
 Cast: Animate Skeleton  |       |       |     5 |       ||     5
Evoke: Wand              |       |       |     2 |     1 ||     3
  Use: Potion            |       |     4 |     7 |       ||    11
       Scroll            |       |    10 |    14 |     2 ||    26
 Stab: Sleeping          |     1 |    13 |    26 |       ||    40
       Held in net/web   |     1 |       |     7 |       ||     8
       Invisible         |       |     1 |     1 |     8 ||    10
       Distracted        |       |     1 |     2 |       ||     3
  Eat: Chunk             |     2 |    12 |    23 |     2 ||    39

Vault maps used:
D:1:      saegor_arrival_fortress
D:2:      wad_pebble_path, nicolae_overflow_crystal_walls, first_bread,
          uniq_sigmund, uniq_jessica
D:3:      roderic_digamma_sauvastika, uniq_iyjb
D:4:      tso_metal_star
D:5:      yredelemnul_forgotten_temple_becter, okawaru_trees_2,
          lemuel_coloured_pillars_altar, serial_shops, nicolae_shop_statue_plus,
          shop, kennysheep_mini_moat, uniq_blork_the_orc
D:6:      lemuel_crystal_altar, minmay_temple_entry_statues_fountains
D:7:      lemuel_doored_altar, the_bakery
D:8:      kennysheep_mini, lemuel_blue_sif_altar, old_standard_altar,
          lair_0_dummy, lemuel_tele_altar
D:9:      lemuel_crystal_altar, minivault_5, uniq_prince_ribbit1
Temple:   nicolae_temple_figure_zero
Lair:1:   serial_bayou, serial_bayou_shore_a, serial_bayou_ford_a,
          serial_bayou_pond_e, serial_bayou_pond_c, enter_volcano_2

Notes
Turn   | Place    | Note
--------------------------------------------------------------
     0 | D:1      | ProjectEKO, the Demonspawn Gladiator, began the quest for the Orb.
     0 | D:1      | Reached XP level 1. HP: 16/16 MP: 1/1
   213 | D:1      | Reached skill level 3 in Long Blades
   213 | D:1      | Gained mutation: You have a somewhat thin skeletal structure (Dex +2, Stealth). [demonic ancestry]
   213 | D:1      | Reached XP level 2. HP: 21/23 MP: 2/2
   405 | D:1      | Gained mutation: You have a moderately thin skeletal structure (Dex +4, Stealth+). [demonic ancestry]
   405 | D:1      | Reached XP level 3. HP: 19/28 MP: 3/3
  1406 | D:2      | Reached skill level 4 in Long Blades
  1406 | D:2      | Gained mutation: You have an unnaturally thin skeletal structure (Dex +6, Stealth++). [demonic ancestry]
  1406 | D:2      | Reached XP level 4. HP: 29/34 MP: 4/4
  1782 | D:2      | Noticed Jessica
  1796 | D:2      | Killed Jessica
  1796 | D:2      | Reached skill level 1 in Stealth
  1940 | D:2      | Noticed Sigmund
  1968 | D:2      | Killed Sigmund
  1968 | D:2      | Reached skill level 1 in Short Blades
  1968 | D:2      | Reached skill level 2 in Stealth
  1968 | D:2      | Reached XP level 5. HP: 37/40 MP: 5/5
  2031 | D:2      | Reached skill level 2 in Short Blades
  2440 | D:2      | Found a stormy altar of Qazlal.
  2738 | D:3      | Gained mutation: You possess an exceptional clarity of mind. [potion of beneficial mutation]
  2961 | D:3      | Noticed Ijyb
  2986 | D:3      | Killed Ijyb
  3149 | D:3      | Reached skill level 3 in Stealth
  3240 | D:3      | Reached XP level 6. HP: 24/46 MP: 3/6
  4385 | D:4      | Reached skill level 3 in Short Blades
  4518 | D:4      | Reached skill level 4 in Stealth
  4552 | D:4      | Found a glowing golden altar of the Shining One.
  5218 | D:4      | Gained mutation: You have large cloven feet. [demonic ancestry]
  5218 | D:4      | Reached XP level 7. HP: 31/51 MP: 5/7
  5765 | D:4      | Reached skill level 4 in Short Blades
  5903 | D:5      | Entered Level 5 of the Dungeon
  5988 | D:5      | Reached skill level 5 in Stealth
  6230 | D:5      | Found a basalt altar of Yredelemnul.
  6264 | D:5      | Noticed Blork the orc
  6282 | D:5      | Killed Blork the orc
  6368 | D:5      | Found Plal's Gadget Boutique.
  6436 | D:5      | Found Xeredaall's Distillery.
  6453 | D:5      | Bought a potion of curing for 36 gold pieces
  6453 | D:5      | Bought a potion of curing for 36 gold pieces
  6453 | D:5      | Bought a potion of heal wounds for 60 gold pieces
  6453 | D:5      | Bought a potion of poison for 12 gold pieces
  6453 | D:5      | Bought a potion of might for 48 gold pieces
  6579 | D:5      | Reached skill level 5 in Short Blades
  6681 | D:5      | Found an opulent altar of Gozag.
  6760 | D:5      | Found an iron altar of Okawaru.
  6785 | D:5      | Gained mutation: You sometimes gain a little power by taking damage. [demonic ancestry]
  6785 | D:5      | Reached XP level 8. HP: 49/57 MP: 6/8
  6932 | D:5      | Reached skill level 6 in Stealth
  6976 | D:5      | Found Giduc's Gadget Shoppe.
  7641 | D:7      | Found a sacrificial altar of Ru.
  8339 | D:7      | Reached skill level 6 in Short Blades
  8488 | D:7      | Reached skill level 7 in Stealth
  9007 | D:6      | Found a staircase to the Ecumenical Temple.
  9048 | Temple   | Entered the Ecumenical Temple
  9337 | D:6      | Found a shattered altar of Ashenzari.
  9708 | D:6      | Learned a level 1 spell: Animate Skeleton
  9787 | D:7      | Gained mutation: You have hoof-like feet. [demonic ancestry]
  9787 | D:7      | Reached XP level 9. HP: 62/62 MP: 9/9
 10055 | D:8      | Reached skill level 7 in Short Blades
 10055 | D:8      | Reached skill level 8 in Stealth
 10069 | D:8      | Found a stormy altar of Qazlal.
 10191 | D:8      | Found an ancient bone altar of Kikubaaqudgha.
 10199 | D:8      | Became a worshipper of Kikubaaqudgha
 10579 | D:8      | Found a shadowy altar of Dithmenos.
 10999 | D:8      | Found a staircase to the Lair.
 11107 | D:8      | Found a deep blue altar of Sif Muna.
 11341 | D:9      | Noticed Prince Ribbit
 11374 | D:9      | Killed Prince Ribbit
 11374 | D:9      | Reached skill level 1 in Necromancy
 11489 | D:9      | Reached skill level 2 in Necromancy
 11509 | D:9      | Reached skill level 9 in Stealth
 11807 | D:9      | Acquired Kikubaaqudgha's first power
 11807 | D:9      | Received a gift from Kikubaaqudgha
 11808 | D:9      | Identified Kikubaaqudgha's Catalogue of Dark Rituals (Kikubaaqudgha gifted it to you on level 9 of the Dungeon)
 11843 | D:9      | Found a sparkling altar of Nemelex Xobeh.
 11872 | D:9      | Reached skill level 8 in Short Blades
 12007 | D:9      | Noticed gressup's ghost (experienced MiBe)
 12375 | D:9      | Reached skill level 3 in Necromancy
 12411 | D:9      | HP: 5/62 [yak (9)]
 12418 | D:9      | Reached skill level 4 in Necromancy
 12421 | D:9      | Reached XP level 10. HP: 14/69 MP: 10/10
 12876 | D:9      | Identified a scroll of acquirement
 13090 | Lair:1   | Entered Level 1 of the Lair of Beasts
 13278 | Lair:1   | Reached skill level 5 in Necromancy
 13293 | Lair:1   | Reached skill level 10 in Stealth
 13337 | Lair:1   | Reached skill level 9 in Short Blades
 13356 | Lair:1   | Killed from afar by an electric eel

Vanquished Creatures
  Prince Ribbit (D:9)
  A spriggan (D:7)
  11 yaks
  A wraith (D:8)
  A hippogriff (D:9)
  A water moccasin (Lair:1)
  A black bear (D:9)
  A phantom (D:8)
  2 ogres
  An orc warrior (D:8)
  3 ice beasts
  A crocodile (Lair:1)
  3 centaurs
  Sigmund (D:2)
  2 giant frogs
  Blork the orc (D:5)
  A gnoll sergeant (D:4)
  A water moccasin skeleton (D:8)
  3 killer bees (D:9)
  An electric eel (Lair:1)
  3 wights (D:8)
  A goliath beetle (D:6)
  A jelly (D:5)
  2 centaur zombies
  A giant frog zombie (D:6)
  3 crimson imps
  5 orc priests
  A gnoll shaman (D:6)
  2 hounds
  5 orc wizards
  9 worker ants
  Ijyb (D:3)
  Jessica (D:2)
  2 hound skeletons
  A worker ant zombie (D:8)
  13 gnolls
  5 river rats (Lair:1)
  3 giant mites
  9 adders
  A shadow imp (D:6)
  5 worms
  An adder skeleton (D:4)
  2 adder zombies
  7 giant geckos
  An ooze (D:4)
  24 orcs
  12 bats
  A bat skeleton (D:4)
  4 giant cockroaches
  17 hobgoblins
  6 jackals
  12 kobolds
  3 quokkas
  A ball python zombie (D:1)
  A giant gecko zombie (D:7)
  9 giant newts
  16 goblins
  2 quokka skeletons
  A quokka zombie (D:5)
  19 rats
  A spectral orc (D:5)
252 creatures vanquished.

Vanquished Creatures (collateral kills)
  An orc (D:8)
1 creature vanquished.

Vanquished Creatures (others)
  3 orc skeletons
  A rat (D:2)
4 creatures vanquished.

Grand Total: 257 creatures vanquished
